 Dungeon Crawl Stone Soup version 0.27-a0-1416-g941b2bd30b (webtiles) character file.

Game seed: 6502084197322304452

4342 Tocho the Grappler (level 10, -5/77 HPs)
             Began as a Green Draconian Transmuter on July 1, 2021.
             Was an Elder of Okawaru.
             Slain by Sweetruy1997's ghost (15 damage)
             ... on level 5 of the Dungeon.
             The game lasted 00:26:53 (10380 turns).

Tocho the Grappler (Green Draconian Transmuter)    Turns: 10380, Time: 00:26:53

Health: -5/77      AC:  8    Str: 14    XL:     10   Next: 12%
Magic:  17/19      EV: 13    Int: 14    God:    Okawaru [****..]
Gold:   122        SH:  0    Dex: 13    Spells: 11/21 levels left

rFire    . . .     SeeInvis .     - Unarmed
rCold    . . .     Faith    .   (no shield)
rNeg     . . .     Spirit   .   (armour unavailable)
rPois    +         Reflect  .   (helmet currently unavailable)
rElec    .         Harm     .   h - +0 cloak
rCorr    .         Rampage  .   (no gloves)
Will     .....                  (boots currently unavailable)
Stlth    ++........             (no amulet)
HPRegen  0.22/turn              (no ring)
MPRegen  0.16/turn              (no ring)

@: appendages, wereblooded
A: horns 2, talons 2, breathe noxious fumes, AC +7, unfitting armour, poison
resistance, cold-blooded
a: Breathe Noxious Fumes, End Transformation, Renounce Religion, Heroism


You were on level 5 of the Dungeon.
You worshipped Okawaru.
Okawaru was greatly pleased with you.
You had temporarily grown beastly horns and talons.
You visited 1 branch of the dungeon, and saw 8 of its levels.

You collected 406 gold pieces.
You spent 284 gold pieces at shops.

Inventory:

Armour
 h - a +0 cloak (worn)
 m - a +2 pair of boots of rampaging (melded)
Magical Staves
 f - a staff of poison
Jewellery
 j - an amulet of reflection
 o - a ring of positive energy
Wands
 e - a wand of flame (68)
Scrolls
 g - a scroll of blinking
 l - a scroll of enchant weapon
 n - a scroll of amnesia
Potions
 a - 5 potions of brilliance
 b - 2 potions of degeneration
 c - 2 potions of curing
 d - a potion of ambrosia
 i - a potion of lignification
 k - 4 potions of flight


   Skills:
 * Level 3.3 Fighting
 * Level 5.0 Dodging
 + Level 3.3 Stealth
 + Level 9.5 Unarmed Combat
 + Level 6.2 Spellcasting
 + Level 2.3 Translocations
 + Level 5.8 Transmutations
 * Level 1.9 Poison Magic
 + Level 2.0 Invocations


You had 11 spell levels left.
You knew the following spells:

 Your Spells              Type           Power      Damage    Failure   Level
a - Beastly Appendage     Tmut           40%        N/A       1%          1
b - Wereblood             Tmut           20%        N/A       2%          2
c - Blink                 Tloc           N/A        N/A       9%          2
d - Spider Form           Tmut/Pois      7%         N/A       10%         3
e - Passwall              Tmut/Erth      10%        N/A       7%          2

Your spell library contained the following spells:

 Spells                   Type           Power      Damage    Failure   Level
 Freeze                   Ice            16%        1d4       16%         1
 Lesser Beckoning         Tloc           5%         N/A       17%         3
 Sublimation of Blood     Necr           2%         N/A       24%         2
 Blade Hands              Tmut           10%        N/A       36%         5
 Frozen Ramparts          Ice            8%         1d2       43%         3
 Stone Arrow              Conj/Erth      8%         3d7       43%         3
 Ice Form                 Ice/Tmut       12%        N/A       43%         4
 Petrify                  Tmut/Erth      12%        N/A       43%         4
 Irradiate                Conj/Tmut      6%         3d16      78%         5
 Dispel Undead            Necr           4%         3d7       83%         4
 Hailstorm                Conj/Ice       4%         3d4       83%         4
 Manifold Assault         Tloc           11%        N/A       85%         5
 Dragon Form              Tmut           10%        N/A       100%        7
 Storm Form               Tmut/Air       6%         N/A       100%        7


Dungeon Overview and Level Annotations

Branches:
Dungeon (8/15)             Temple (0/1) D:6
   Lair: D:8-11

Altars:
Gozag
Makhleb
Okawaru
Qazlal
Ru
Xom

Shops:
D:3 (   D:6 [?(   D:7 =

Annotations:
D:5 1 transporter, Sweetruy1997's ghost, novice HOMo


Innate Abilities, Weirdness & Mutations

You have temporarily grown beastly horns and talons.
You can breathe blasts of noxious fumes.
Your lurid green scales are hard. (AC +7)
You cannot fit into any form of body armour.
Your system is resistant to poisons. (rPois)
You are cold-blooded and may be slowed by cold attacks.


Message History

You feel sick.
Sweetruy1997's ghost hits you but does no damage.
The gnoll hits you but does no damage. The gnoll sergeant barely misses you.
You hit the gnoll sergeant but do no damage.
The gnoll sergeant blocks your attack.
The gnoll sergeant is heavily wounded.
You feel sick.
Sweetruy1997's ghost whispers, "The ORB doesn't exist."
Sweetruy1997's ghost hits you but does no damage.
You are electrocuted!
You feel better.
You feel like a meek peon again. The gnoll hits you but does no damage.
The gnoll sergeant misses you.
Sweetruy1997's ghost hits you but does no damage.
You punch the gnoll sergeant!
The gnoll sergeant is almost dead.
The gnoll hits you from afar with a +0 spear of venom.
The gnoll sergeant completely misses you.
You hit the gnoll sergeant.
You feel a bit better.
You kill the gnoll sergeant!
Okawaru accepts your kill.
You howl as the wereblood boils in your veins!
Sweetruy1997's ghost shrieks, "What do you have that I didn't have?"
Sweetruy1997's ghost barely misses you. The gnoll closely misses you.
You barely miss Sweetruy1997's ghost. You claw Sweetruy1997's ghost.
Sweetruy1997's ghost is heavily damaged.
Sweetruy1997's ghost misses you.
The gnoll hits you from afar with a +0 spear of venom.
You hit Sweetruy1997's ghost but do no damage.
You tail-slap Sweetruy1997's ghost.
Sweetruy1997's ghost is heavily damaged.
Sweetruy1997's ghost hits you!
You are electrocuted!
* * * LOW HITPOINT WARNING * * *
The gnoll hits you from afar with a +0 spear of venom.
* * * LOW HITPOINT WARNING * * *
You are lethally poisoned!
You feel better. Sweetruy1997's ghost hits you.
* * * LOW HITPOINT WARNING * * *
You are electrocuted!
You die...

#..≈≈≈≈≈≈≈≈≈≈≈≈≈≈≈≈≈.####.###..
#..≈≈####.....####≈≈.####.# #..
#..≈≈#..#8###8#..#≈≈......# #..
#..≈≈#..###g###..#≈≈.###### ##.
#..≈≈#g..........#≈≈.#########.
##.≈≈###.##'##.###≈≈...........
#.≈≈..#.#...#.#..≈≈....#######
#.≈≈.##.#⌠.⌠#)##.≈≈.##.#
#.≈≈.#©.#...#@.#.≈≈.##.#
#.≈≈.##.##.##W##.≈≈.##.#
#.....#.#(..#g#..≈≈.##.#
#....©#.'.©.gg#©.≈≈.##.#
#.....#.#8⌠8#.#..≈≈.##.#
#.≈≈.##.#####.##.≈≈.##.##
#.≈≈.#g.#,,,#..#.≈≈.....######
#.≈≈.##.#?,,#.##.≈≈..#.<......
#.≈≈..#g#$g,#.#..≈≈..#.#######


You could see Sweetruy1997's ghost and 3 gnolls.

Vanquished Creatures
  Pikel (D:5)
  Prince Ribbit (D:6)
  Grinder (D:3)
  Sigmund (D:2)
  A wyvern (D:7)
  5 yaks (D:6)
  Menkaure (D:5)
  Duvessa (D:5)
  Edmund (D:5)
  A water moccasin (D:5)
  An orc warrior (D:4)
  A sky beast (D:7)
  A black bear (D:7)
  A hornet zombie (D:7)
  3 ogres
  2 necrophages
  2 centaurs
  A wyvern zombie (D:7)
  A gnoll sergeant (D:5)
  A scorpion (D:7)
  Dowan (D:5)
  8 howler monkeys
  A bullfrog zombie (D:6)
  2 centaur zombies
  2 jellies
  Crazy Yiuf (D:4)
  2 hounds (D:5)
  A bullfrog skeleton (D:7)
  Ijyb (D:3)
  An orc wizard (D:4)
  2 iguanas (D:6)
  2 hound skeletons
  Robin (D:3)
  A howler monkey skeleton (D:3)
  A gnoll (D:5)
  5 adders
  A shadow imp (D:6)
  An ufetubus (D:7)
  2 adder skeletons (D:4)
  A worm (D:3)
  4 dart slugs
  7 orcs
  3 endoplasms
  2 giant cockroaches (D:2)
  11 goblins
  8 hobgoblins
  3 jackals (D:2)
  4 quokkas
  12 ball pythons
  2 bats
  3 frilled lizards
  5 kobolds (D:2)
  5 rats
134 creatures vanquished.

Vanquished Creatures (others)
  8 plants
8 creatures vanquished.

Grand Total: 142 creatures vanquished

Notes
Turn   | Place    | Note
-------+----------+-------------------------------------------
     0 | D:1      | Tocho the Draconian Transmuter began the quest for the Orb.
     0 | D:1      | Reached XP level 1. HP: 16/16 MP: 3/3
   124 | D:1      | Found a faded altar of an unknown god.
   664 | D:1      | Reached XP level 2. HP: 23/23 MP: 5/5
   667 | D:1      | Learned a level 2 spell: Wereblood
  1236 | D:2      | Learned a level 2 spell: Blink
  1351 | D:2      | Reached XP level 3. HP: 18/28 MP: 6/6
  1513 | D:2      | Noticed Sigmund
  1838 | D:3      | Found a sacrificial altar of Ru.
  1841 | D:3      | Found a stormy altar of Qazlal.
  1841 | D:3      | Found a shimmering altar of Xom.
  1876 | D:3      | Reached skill level 4 in Unarmed Combat
  1886 | D:3      | Noticed Robin
  1904 | D:3      | Killed Robin
  1915 | D:3      | Reached XP level 4. HP: 30/35 MP: 4/7
  1930 | D:3      | Found an iron altar of Okawaru.
  1958 | D:3      | Became a worshipper of Warmaster Okawaru
  2177 | D:3      | Found Subuopops's Weapon Shoppe.
  2383 | D:3      | Found a burning altar of Makhleb.
  2431 | D:3      | Noticed Grinder
  2743 | D:4      | Noticed an orc warrior
  2870 | D:5      | Entered Level 5 of the Dungeon
  3053 | D:5      | Reached XP level 5. HP: 39/40 MP: 3/8
  3080 | D:5      | HP: 2/40 [orc (5)]
  3353 | D:5      | Noticed a water moccasin
  3375 | D:5      | Killed a water moccasin
  3375 | D:5      | Reached * piety under Okawaru
  3376 | D:5      | Reached skill level 1 in Stealth
  3376 | D:5      | Reached skill level 5 in Unarmed Combat
  3376 | D:5      | Reached XP level 6. HP: 12/47 MP: 7/10
  3751 | D:5      | Found a transporter.
  3757 | D:5      | Found a transporter.
  3759 | D:5      | Identified the +2 ring mail "Juxaikam" {Int+3}
  3791 | D:5      | Noticed Menkaure
  3812 | D:5      | Killed Menkaure
  3983 | D:5      | Identified the ring of the Worm {rC+ Dex+2 Stlth+}
  4062 | D:5      | Noticed Pikel
  4072 | D:5      | Reached skill level 1 in Translocations
  4079 | D:5      | Killed Pikel
  4079 | D:5      | Reached ** piety under Okawaru
  4079 | D:5      | Reached *** piety under Okawaru
  4080 | D:5      | Reached skill level 6 in Unarmed Combat
  4080 | D:5      | Your scales start taking on a lurid green colour.
  4080 | D:5      | Reached XP level 7. HP: 55/55 MP: 7/13
  4080 | D:5      | Gained mutation: Your system is resistant to poisons.
                  | (rPois) [Green Draconian growth]
  4150 | D:5      | Noticed Dowan
  4151 | D:5      | Noticed Duvessa
  4161 | D:5      | Killed Duvessa
  4162 | D:5      | Reached XP level 8. HP: 49/61 MP: 9/14
  4163 | D:5      | Killed Dowan
  4375 | D:5      | Found an opulent altar of Gozag.
  4414 | D:5      | Noticed Edmund
  4433 | D:5      | Killed Edmund
  4822 | D:4      | Reached skill level 7 in Unarmed Combat
  4860 | D:4      | Reached skill level 5 in Spellcasting
  4860 | D:4      | Reached skill level 1 in Invocations
  5366 | D:4      | Got the Incunabulum of Earthen Sinister Secrets
  5606 | D:4      | Found a runed translucent door.
  5607 | D:4      | Noticed Crazy Yiuf
  5799 | D:4      | Killed Crazy Yiuf
  5903 | D:3      | Noticed Ijyb
  5920 | D:3      | Killed Ijyb
  6048 | D:3      | Killed Grinder
  6810 | D:2      | Killed Sigmund
  6811 | D:2      | Reached skill level 5 in Transmutations
  6811 | D:2      | Reached XP level 9. HP: 68/68 MP: 12/16
  6916 | D:5      | Noticed Sweetruy1997's ghost (novice HOMo)
  7163 | D:6      | Found Zepias's Antique Weapon Emporium.
  7259 | D:6      | Reached **** piety under Okawaru
  7260 | D:6      | Reached skill level 8 in Unarmed Combat
  7805 | D:6      | Found a staircase to the Ecumenical Temple.
  7873 | D:6      | Found Pateedgho's Armour Shoppe.
  7965 | D:6      | Learned a level 3 spell: Spider Form
  7968 | D:6      | Learned a level 2 spell: Passwall
  8163 | D:6      | Found Keorucw's Magic Scroll Shop.
  8326 | D:6      | Noticed Prince Ribbit
  8333 | D:6      | Killed Prince Ribbit
  8728 | D:6      | Bought a +2 pair of boots of rampaging for 258 gold pieces
  8798 | D:6      | Bought a scroll of identify for 26 gold pieces
  8925 | D:7      | Reached skill level 9 in Unarmed Combat
  9223 | D:7      | Reached XP level 10. HP: 72/77 MP: 17/19
  9292 | D:7      | Reached ***** piety under Okawaru
  9325 | D:7      | Reached skill level 1 in Poison Magic
  9824 | D:7      | Reached skill level 5 in Dodging
  9876 | D:7      | Found Hisaw's Jewellery Emporium.
 10380 | D:5      | Slain by Sweetruy1997's ghost

Illustrated notes

Levels and vault maps discovered:
D:1:      lemuel_arrival_room, layout_rooms, shapermc_ecumenical_altar_venn
D:2:      layout_rooms, uniq_sigmund
D:3:      layout_basic, chequers_temple_overflow_statue_of_worship,
          lightli_temple_of_fire, serial_shops, shop, kennysheep_donut,
          minmay_shallow_snake_nest, uniq_robin, uniq_ijyb, uniq_grinder
D:4:      layout_basic, uniq_crazy_yiuf_cottage
D:5:      layout_loops_ring, nicolae_gozag_seed_capital,
          gammafunk_ghost_gnarly_gnolls, minmay_misc_feat_alley, uniq_menkaure,
          uniq_edmund, uniq_pikel, uniq_duvessa
D:6:      layout_basic, minmay_temple_entry_wispy, serial_shops, shop,
          nicolae_stop_n_shop_1, nicolae_shop_stone, uniq_prince_ribbit1
D:7:      layout_cave_pods, minmay_shop_enchanted_jewellery
D:8:      layout_basic, uniq_harold

Skill      XL: |  1  2  3  4  5  6  7  8  9 10 |
---------------+-------------------------------+-----
Dodging        | 2 3 4 5 |  5.0
Unarmed Combat | 4 5 6 7 9 |  9.5
Transmutations | 3 4 5 |  5.8
Stealth        | 1 2 3 |  3.3
Spellcasting   | 3 4 5 6 |  6.2
Translocations | 1 2 |  2.3
Fighting       | 2 3 |  3.3
Invocations    | 1 2 |  2.0
Poison Magic   | 1 |  1.9

Action                   |  1- 3 |  4- 6 |  7- 9 | 10-12 || total
-------------------------+-------+-------+-------+-------++-------
Melee: Unarmed           |   135 |   130 |   275 |    50 ||   590
       Tailslap          |     9 |    12 |    29 |    10 ||    60
       Kick              |    13 |    22 |    28 |     4 ||    67
       Headbutt          |     6 |    15 |    24 |     2 ||    47
       Punch             |       |       |     8 |     1 ||     9
 Cast: Beastly Appendage |     8 |    13 |    16 |     2 ||    39
       Wereblood         |     6 |    10 |    15 |     3 ||    34
       Blink             |       |     5 |       |       ||     5
Invok: Heroism           |       |     1 |    12 |     4 ||    17
 Abil: Breathe Noxious F |       |       |    11 |     1 ||    12
  Use: Scroll            |       |     9 |     5 |       ||    14
       Potion            |       |     2 |       |     2 ||     4
 Stab: Sleeping          |     1 |     1 |     3 |       ||     5
       Confused          |       |       |     5 |       ||     5
Armor: Skin              |    43 |    45 |    60 |    16 ||   164
Dodge: Dodged            |    85 |    85 |   170 |    37 ||   377

Table legend: (Time is in decaauts)
 A = Elapsed time spent in this place.
 B = Non-inter-level travel time spent in this place.
 C = Inter-level travel time spent in this place.
 D = Time resting spent in this place.
 E = Time spent auto-exploring this place.
 F = Levels seen in this place.
 G = Mean time per level.
                   A        B        C        D        E       F      G
               +--------+--------+--------+--------+--------+-----+--------+
         Total |  10312 |   9534 |    778 |   2066 |   5758 |   8 | 1289.0 |
       Dungeon |  10312 |   9534 |    778 |   2066 |   5758 |   8 | 1289.0 |
               +--------+--------+--------+--------+--------+-----+--------+

Top non-repeatable levels by time:
     D:5: 2117 daAuts
     D:6: 1930 daAuts
     D:4: 1479 daAuts
     D:7: 1330 daAuts
     D:2: 1198 daAuts
     D:1: 1185 daAuts
     D:3: 1069 daAuts
     D:8: 1 daAuts
